 Dungeon Crawl Stone Soup version 0.19.0-9-gfd783f2 (webtiles) character file.

125 cedor the Cudgeler (level 4, -2/35 HPs)
             Began as a Demonspawn Monk on Nov 7, 2016.
             Slain by an adder (3 damage)
             ... on level 2 of the Dungeon.
             The game lasted 00:06:29 (1973 turns).

cedor the Cudgeler (Demonspawn Monk)                Turns: 1973, Time: 00:06:30

Health: -2/35      AC:  2    Str: 10 (11) XL:     4   Next: 82%
Magic:  4/4        EV: 19    Int: 16 (18) God:
Gold:   80         SH:  0    Dex: 17 (20) Spells: 0 memorised, 3 levels left

rFire  . . .     SeeInvis .     a - +0 mace
rCold  . . .     Gourm    .     f - +0 robe
rNeg   . . .     Faith    .     (no shield)
rPois  .         Spirit   .     (helmet restricted)
rElec  .         Reflect  .     (no cloak)
rCorr  .         Harm     .     (no gloves)
MR     .....                    (no boots)
Stlth  +++.......               (no amulet)
                                (no ring)
                                (no ring)

@: brilliant, agile, lethally poisoned (-2 -> -4), flying, very slightly
contaminated, hasted, very quick
A: antennae 1, rot immunity
a: no special abilities


You were on level 2 of the Dungeon.
You were not hungry.

You visited 1 branch of the dungeon, and saw 2 of its levels.

You collected 80 gold pieces.


Innate Abilities, Weirdness & Mutations

You have a pair of small antennae on your head.
You are immune to rotting.


   Skills:
 - Level 3.0 Fighting
 * Level 4.2 Maces & Flails
 + Level 3.9 Dodging
 - Level 1.7 Stealth


You had 3 spell levels left.
You didn't know any spells.

Inventory:

Hand Weapons
 a - a +0 mace (weapon)
 b - a +0 hunting sling
 d - a +0 hunting sling
 q - a +0 hunting sling
Missiles
 e - 104 stones
 k - a throwing net {=f}
 p - 2 javelins (quivered)
Armour
 f - a +0 robe (worn)
Scrolls
 g - 4 scrolls of identify {unknown}
 i - a scroll of noise {unknown}
 l - 2 scrolls of magic mapping {unknown}
 m - a scroll of teleportation {unknown}
Potions
 n - a potion of flight
Comestibles
 c - 2 bread rations
 o - a beef jerky

Dungeon Overview and Level Annotations

Branches:
Dungeon (2/15)

Altars:

..▒ ▒..[........▒ ▒▒....▒▒ ▒.▒
▒.▒▒▒.▒.▒.▒▒▒▒▒▒▒ ▒▒.....▒▒ ▒.▒
.▒▒.....▒.▒.▒▒▒▒▒▒▒▒▒.......▒ ▒.▒
<...........................▒▒▒.<
.▒▒▒▒.▒▒▒.▒.▒▒▒▒▒▒............▒[.
▒▒.▒.▒▒.▒.▒ ▒.▒▒▒.........÷.
.▒▒.▒▒▒.▒.▒.▒ ▒.▒ ▒....▒▒▒.▒▒.
...▒▒ ▒▒..▒.▒ ▒▒▒▒.▒ ▒..▒▒▒ ▒.▒▒<
▒▒▒.▒▒▒.▒▒▒.▒ ▒.6Sh▒▒▒..▒ ▒.▒▒.
▒▒.▒.▒▒ ▒.▒ ▒.▒▒......▒ ▒.▒▒.
▒▒.▒▒ .▒ ▒. ▒..▒▒.... ▒.▒▒.
▒........ .. ▒......▒. ▒.▒▒.
▒▒▒▒▒▒..▒▒▒▒ ▒.....▒▒ ...▒.
▒.▒▒..▒ ▒▒.▒. ▒.▒ ▒..▒ ▒. ...
.S.. ... ....


You could see an adder and a jackal.


Message History

The adder completely misses you.
It was a potion of brilliance.
You feel clever all of a sudden. The adder completely misses you.
The adder closely misses you.
It was a potion of haste.
You feel yourself speed up.
You feel sick. The adder completely misses you.
You are very lightly contaminated with residual magic.
You closely miss the adder. The adder completely misses you.
You hit the adder.
The adder is heavily wounded.
The adder bites you.
* * * LOW HITPOINT WARNING * * *
You miss the adder.
The adder is heavily wounded.
The adder closely misses you.
You barely miss the adder.
The adder is heavily wounded.
The adder barely misses you.
You barely miss the adder.
The adder is heavily wounded.
* * * LOW HITPOINT WARNING * * *
You feel sick. The adder barely misses you.
You hit the adder.
You kill the adder!
You barely miss the adder. The adder misses you.
The jackal pauses to sniff the ground.
You sock the adder!
The adder is severely wounded.
The adder bites you.
You die...

Action                   |  1- 3 |  4- 6 || total
-------------------------+-------+-------++-------
Melee: Mace              |   113 |    57 ||   170
 Fire: Hunting sling     |     7 |     6 ||    13
Throw: Javelin           |     2 |       ||     2
  Use: Potion            |       |     5 ||     5
 Stab: Sleeping          |     4 |       ||     4
  Eat: Chunk             |     2 |     2 ||     4
Armor: Robe              |    26 |     7 ||    33
Dodge: Dodged            |   130 |    55 ||   185

Vault maps used:
D:1:      lightli_arrival_statue_moat
D:2:      kennysheep_goblin_castle, nicolae_dithmenos_shadow_blocks,
          first_bread, uniq_jessica

Notes
Turn   | Place    | Note
-------+----------+-------------------------------------------
     0 | D:1      | cedor the Demonspawn Monk began the quest for the Orb.
     0 | D:1      | Reached XP level 1. HP: 18/18 MP: 1/1
   308 | D:1      | Reached skill level 3 in Dodging
   370 | D:1      | Gained mutation: You are immune to rotting. [demonic ancestry]
   370 | D:1      | Reached XP level 2. HP: 20/24 MP: 2/2
   594 | D:1      | Reached skill level 3 in Maces & Flails
  1282 | D:2      | Noticed Jessica
  1293 | D:2      | Reached XP level 3. HP: 28/29 MP: 3/3
  1313 | D:2      | Killed Jessica
  1629 | D:2      | Gained mutation: You have a pair of small antennae on your head. [demonic ancestry]
  1629 | D:2      | Reached XP level 4. HP: 23/35 MP: 4/4
  1744 | D:2      | Noticed Ijyb
  1775 | D:2      | Killed Ijyb
  1775 | D:2      | Reached skill level 4 in Maces & Flails
  1967 | D:2      | HP: 2/35 [adder (4)]
  1973 | D:2      | Slain by an adder

Vanquished Creatures
  Jessica (D:2)
  Ijyb (D:2)
  4 adders (D:2)
  A giant cockroach (D:1)
  9 goblins
  2 hobgoblins
  3 jackals (D:2)
  A quokka (D:2)
  8 bats
  3 frilled lizards (D:1)
  2 kobolds (D:1)
  6 rats
41 creatures vanquished.
